[Event "Fredericia IM 2019"]
[Site "Fredericia"]
[Date "2019.05.29"]
[Round "1.6"]
[White "Kakulidis, WCM Ellen"]
[Black "Sahl, WIM Sheila Barth"]
[Result "*"]
[ECO "A45"]
[WhiteElo "2014"]
[BlackElo "2127"]
[Annotator "ChessBase"]
[PlyCount "29"]
[EventDate "2019.05.29"]
[EventType "tourn"]
[EventCountry "DEN"]
[SourceTitle "playchess.com"]
[Source "ChessBase"]
[SourceQuality "1"]
[TimeControl "40/5400+30:1800+30"]

1. d4 Nf6 2. g3 d5 3. Nf3 Bf5 4. c4 c6 5. Nc3 e6 6. Nh4 dxc4 7. Nxf5 exf5 8. e3 Nbd7 9. Bxc4 Nb6 10. Bf1 Be7 11. Bg2 O-O 12. O-O Re8 13. Qc2 g6 14. b3 Nbd5 15. Bb2 *

[Event "Fredericia IM 2019"]
[Site "Fredericia"]
[Date "2019.05.29"]
[Round "1.7"]
[White "Mayrhuber, WFM Nikola"]
[Black "Sucikova, WFM Svetlana"]
[Result "*"]
[ECO "E08"]
[WhiteElo "1985"]
[BlackElo "2110"]
[Annotator "ChessBase"]
[PlyCount "26"]
[EventDate "2019.05.29"]
[EventType "tourn"]
[EventCountry "DEN"]
[SourceTitle "playchess.com"]
[Source "ChessBase"]
[SourceQuality "1"]
[TimeControl "40/5400+30:1800+30"]

1. d4 d5 2. Nf3 Nf6 3. c4 e6 4. g3 Be7 5. Bg2 O-O 6. O-O c6 7. Qc2 Nbd7 8. b3 b6 9. Rd1 Qc7 10. cxd5 exd5 11. Nc3 Bd6 12. Bb2 Re8 13. Rac1 Ba6 *

[Event "Fredericia IM 2019"]
[Site "Fredericia"]
[Date "2019.05.30"]
[Round "2.1"]
[White "Devereaux, Maxim L"]
[Black "Fries-Nielsen, Niels Jorgen"]
[Result "1/2-1/2"]
[ECO "B30"]
[WhiteElo "2342"]
[BlackElo "2328"]
[Annotator "ChessBase"]
[PlyCount "60"]
[EventDate "2019.05.29"]
[EventType "tourn"]
[EventCountry "DEN"]
[SourceTitle "playchess.com"]
[Source "ChessBase"]
[SourceQuality "1"]
[TimeControl "40/5400+30:1800+30"]

1. e4 c5 2. Nf3 Nc6 3. Bb5 d6 4. O-O Bd7 5. Re1 Nf6 6. c4 g6 7. Nc3 Bg7 8. Bxc6 Bxc6 9. d4 cxd4 10. Nxd4 O-O 11. b3 Re8 12. Bb2 Rc8 13. Qd2 Qa5 14. Rad1 Bd7 15. h3 a6 16. a4 Qb4 17. Qd3 e5 18. Na2 Qc5 19. Nf3 b5 20. axb5 axb5 21. Qxd6 bxc4 22. Qxc5 Rxc5 23. bxc4 Rxc4 24. Bxe5 Ba4 25. Rd4 Rxd4 26. Bxd4 Nxe4 27. Bxg7 Kxg7 28. Re3 Nf6 29. Rxe8 Bxe8 30. Nc3 Bc6 1/2-1/2

[Event "Fredericia IM 2019"]
[Site "Fredericia"]
[Date "2019.05.30"]
[Round "2.2"]
[White "Antonsen, Mikkel"]
[Black "Sorensen, Hampus"]
[Result "0-1"]
[ECO "D11"]
[WhiteElo "2423"]
[BlackElo "2343"]
[Annotator "ChessBase"]
[PlyCount "78"]
[EventDate "2019.05.29"]
[EventType "tourn"]
[EventCountry "DEN"]
[SourceTitle "playchess.com"]
[Source "ChessBase"]
[SourceQuality "1"]
[TimeControl "40/5400+30:1800+30"]

1. d4 d5 2. c4 c6 3. Nf3 Nf6 4. e3 a6 5. Bd3 Bg4 6. Nbd2 e6 7. Qc2 dxc4 8. Bxc4 Nbd7 9. h3 Bh5 10. e4 c5 11. e5 Nd5 12. Bxd5 exd5 13. O-O Qb6 14. b3 Bg6 15. Qd1 Be7 16. Bb2 O-O 17. Re1 Rac8 18. Nf1 Rfd8 19. Ne3 Nf8 20. dxc5 Bxc5 21. Bd4 Ne6 22. Bxc5 Qxc5 23. Rc1 Qxc1 24. Qxc1 Rxc1 25. Rxc1 d4 26. Nc4 b5 27. Ncd2 Bd3 28. b4 h6 29. Rc6 Be2 30. Rxa6 d3 31. Ne1 Rc8 32. f3 Rc1 33. Kf2 Rd1 34. Ne4 d2 35. Nxd2 Rxd2 36. Ke3 Rb2 37. a4 bxa4 38. Rxa4 Bb5 39. Ra8+ Kh7 0-1

[Event "Fredericia IM 2019"]
[Site "Fredericia"]
[Date "2019.05.30"]
[Round "2.3"]
[White "Vasli, Aref"]
[Black "Pedersen, Nicolai Kvist Brondt"]
[Result "1/2-1/2"]
[ECO "B47"]
[WhiteElo "2346"]
[BlackElo "2325"]
[Annotator "ChessBase"]
[PlyCount "62"]
[EventDate "2019.05.29"]
[EventType "tourn"]
[EventCountry "DEN"]
[SourceTitle "playchess.com"]
[Source "ChessBase"]
[SourceQuality "1"]
[TimeControl "40/5400+30:1800+30"]

1. e4 c5 2. Nf3 e6 3. d4 cxd4 4. Nxd4 Nc6 5. Nc3 Qc7 6. g3 a6 7. Bg2 d6 8. O-O Bd7 9. Re1 Nxd4 10. Qxd4 Nf6 11. a4 Be7 12. Be3 O-O 13. h3 Bc6 14. a5 Nd7 15. Qc4 Rac8 16. Qe2 Bf6 17. Red1 Nc5 18. Qc4 Nd7 19. Qb4 Be7 20. Na4 Bxa4 21. Qxa4 Ne5 22. c3 Nc4 23. Bc1 Bd8 24. Qb4 Nxa5 25. Qxd6 Qxd6 26. Rxd6 Nb3 27. Rb1 Bc7 28. Rd1 Nxc1 29. Rbxc1 Rcd8 30. Kf1 Rxd1+ 31. Rxd1 Rd8 1/2-1/2

[Event "Fredericia IM 2019"]
[Site "Fredericia"]
[Date "2019.05.30"]
[Round "2.4"]
[White "Ahlander, Bjorn"]
[Black "Easwaralingam, Adesh"]
[Result "1-0"]
[ECO "E48"]
[WhiteElo "2421"]
[BlackElo "2123"]
[Annotator "ChessBase"]
[PlyCount "133"]
[EventDate "2019.05.29"]
[EventType "tourn"]
[EventCountry "DEN"]
[SourceTitle "playchess.com"]
[Source "ChessBase"]
[SourceQuality "1"]
[TimeControl "40/5400+30:1800+30"]

1. d4 Nf6 2. c4 e6 3. Nc3 Bb4 4. e3 O-O 5. Bd3 d5 6. Nf3 dxc4 7. Bxc4 Nbd7 8. O-O c5 9. a3 Bxc3 10. bxc3 b6 11. a4 Qc7 12. Be2 a6 13. Ba3 Rd8 14. Qb3 Bb7 15. Rfd1 Rdb8 16. c4 Rd8 17. Bb2 Rab8 18. Rac1 h6 19. h3 Rbc8 20. d5 exd5 21. cxd5 Qd6 22. Nh4 Bxd5 23. Qc3 Qf8 24. Bxa6 Ra8 25. Bb5 Be6 26. Qc2 Qe7 27. e4 Rac8 28. Re1 Nh5 29. Nf3 Nf4 30. Qd2 Ng6 31. Qe3 Nf6 32. Nd2 Nh5 33. Nc4 Bxc4 34. Bxc4 Ne5 35. Bd5 Nf6 36. Qb3 c4 37. Bxc4 Nfd7 38. Bb5 Rxc1 39. Rxc1 Nc5 40. Qg3 Ng6 41. Qc3 Ne6 42. Qe3 Ngf4 43. Kh2 Qd6 44. Ba3 Qd2 45. Qxd2 Rxd2 46. Rf1 Nd3 47. Kg3 Nec5 48. f3 Nxa4 49. Bxa4 Ra2 50. Rb1 Rxa3 51. Bc2 Nc5 52. Rxb6 Ra2 53. Bb1 Rd2 54. h4 h5 55. Rb5 Ne6 56. Ra5 g6 57. Ba2 Nd4 58. Ra8+ Kg7 59. Ra7 Ne2+ 60. Kh2 Kf6 61. Rxf7+ Ke5 62. Bc4 Nf4 63. Bf1 Rd1 64. Kg1 Ne2+ 65. Kf2 Nf4 66. g3 Rd2+ 67. Ke3 1-0

[Event "Fredericia IM 2019"]
[Site "Fredericia"]
[Date "2019.05.30"]
[Round "2.5"]
[White "Jacobsen, Mikkel Manosri"]
[Black "Olsen, Filip Boe"]
[Result "1/2-1/2"]
[ECO "A06"]
[WhiteElo "2319"]
[BlackElo "2394"]
[Annotator "ChessBase"]
[PlyCount "116"]
[EventDate "2019.05.29"]
[EventType "tourn"]
[EventCountry "DEN"]
[SourceTitle "playchess.com"]
[Source "ChessBase"]
[SourceQuality "1"]
[TimeControl "40/5400+30:1800+30"]

1. Nf3 d5 2. b3 c5 3. Bb2 Nc6 4. e3 a6 5. d4 cxd4 6. exd4 Nf6 7. Be2 Bf5 8. Nh4 Bc8 9. Nd2 e6 10. Nhf3 Bd6 11. O-O O-O 12. c4 dxc4 13. bxc4 b6 14. Rb1 Qc7 15. Re1 Rb8 16. Bf1 b5 17. d5 Ng4 18. g3 Na5 19. Ne4 Nxc4 20. Bxc4 bxc4 21. h3 c3 22. Bxc3 Rxb1 23. Qxb1 exd5 24. Nxd6 Qxc3 25. Ng5 Nf6 26. Rc1 Qe5 27. Ngxf7 Qe6 28. Rxc8 Rxc8 29. Nxc8 Kxf7 30. Qb7+ Kg6 31. Ne7+ Kh6 32. Qb4 d4 33. Qd2+ g5 34. h4 Ne4 35. hxg5+ Nxg5 36. Qb4 a5 37. Qc5 Qe1+ 38. Kg2 Qe4+ 39. Kf1 Qh1+ 40. Ke2 Qf3+ 41. Kf1 Qh1+ 42. Ke2 Qh5+ 43. Kf1 Qh3+ 44. Ke2 Qe6+ 45. Kd1 Ne4 46. Qc6 Nxf2+ 47. Kc1 Qxc6+ 48. Nxc6 Nd3+ 49. Kd2 Nb4 50. Nxa5 Nxa2 51. Nc6 Nc3 52. Kd3 Nb5 53. Nxd4 Nxd4 54. Kxd4 Kg5 55. Ke3 Kg4 56. Kf2 h5 57. Kg2 h4 58. gxh4 Kxh4 1/2-1/2

[Event "Fredericia IM 2019"]
[Site "Fredericia"]
[Date "2019.05.30"]
[Round "3.2"]
[White "Pedersen, Nicolai Kvist Brondt"]
[Black "Devereaux, Maxim L"]
[Result "1-0"]
[ECO "E04"]
[WhiteElo "2325"]
[BlackElo "2342"]
[Annotator "ChessBase"]
[PlyCount "69"]
[EventDate "2019.05.29"]
[EventType "tourn"]
[EventCountry "DEN"]
[SourceTitle "playchess.com"]
[Source "ChessBase"]
[SourceQuality "1"]
[TimeControl "40/5400+30:1800+30"]

1. d4 Nf6 2. Nf3 e6 3. c4 d5 4. g3 dxc4 5. Bg2 a6 6. Ne5 c5 7. Na3 cxd4 8. Naxc4 Bb4+ 9. Bd2 Bxd2+ 10. Qxd2 O-O 11. O-O Nc6 12. Nxc6 bxc6 13. Rfd1 Rb8 14. Qxd4 Qxd4 15. Rxd4 c5 16. Rd6 Ne8 17. Rb6 Rxb6 18. Nxb6 Nf6 19. Rc1 Bd7 20. Rxc5 Bb5 21. Kf1 g6 22. Ke1 Ng4 23. h3 Nf6 24. b3 Kg7 25. Rc8 Rxc8 26. Nxc8 e5 27. Bb7 Ne8 28. a4 Bd7 29. Bxa6 Bxh3 30. Bb7 Bxc8 31. Bxc8 Nd6 32. Bd7 Kf6 33. a5 Ke7 34. a6 Kxd7 35. a7 1-0

[Event "Fredericia IM 2019"]
[Site "Fredericia"]
[Date "2019.05.30"]
[Round "3.3"]
[White "Fries-Nielsen, Niels Jorgen"]
[Black "Jacobsen, Mikkel Manosri"]
[Result "1/2-1/2"]
[ECO "A14"]
[WhiteElo "2328"]
[BlackElo "2319"]
[Annotator "ChessBase"]
[PlyCount "61"]
[EventDate "2019.05.29"]
[EventType "tourn"]
[EventCountry "DEN"]
[SourceTitle "playchess.com"]
[Source "ChessBase"]
[SourceQuality "1"]
[TimeControl "40/5400+30:1800+30"]

1. Nf3 d5 2. c4 e6 3. g3 Nf6 4. Bg2 Be7 5. O-O O-O 6. d3 c6 7. b3 a5 8. a3 Nbd7 9. Nc3 Re8 10. Bb2 Bf8 11. Qc2 Qb6 12. d4 Qa6 13. c5 b6 14. b4 bxc5 15. bxc5 Rb8 16. Rab1 Be7 17. Rfe1 Qa8 18. Bc1 Rxb1 19. Qxb1 Ba6 20. Bf4 Nf8 21. Qc2 N6d7 22. Rb1 f6 23. e4 g5 24. Be3 Rb8 25. exd5 Rxb1+ 26. Qxb1 cxd5 27. Nd2 Bb7 28. Qb3 Ng6 29. Bf1 f5 30. f3 Kg7 31. Bf2 1/2-1/2

[Event "Fredericia IM 2019"]
[Site "Fredericia"]
[Date "2019.05.30"]
[Round "3.4"]
[White "Easwaralingam, Adesh"]
[Black "Vasli, Aref"]
[Result "0-1"]
[ECO "C84"]
[WhiteElo "2123"]
[BlackElo "2346"]
[Annotator "ChessBase"]
[PlyCount "78"]
[EventDate "2019.05.29"]
[EventType "tourn"]
[EventCountry "DEN"]
[SourceTitle "playchess.com"]
[Source "ChessBase"]
[SourceQuality "1"]
[TimeControl "40/5400+30:1800+30"]

1. e4 e5 2. Nf3 Nc6 3. Bb5 a6 4. Ba4 Nf6 5. O-O Be7 6. d3 b5 7. Bb3 d6 8. a3 O-O 9. Nc3 Nb8 10. Re1 c6 11. Ne2 Nh5 12. Ng3 Nxg3 13. hxg3 Bg4 14. Qe2 Nd7 15. c3 Nc5 16. Ba2 Bf6 17. Qe3 Re8 18. Nh2 Bc8 19. f4 Qe7 20. Nf3 a5 21. f5 a4 22. Nh2 Qa7 23. Kh1 d5 24. g4 Bh4 25. g3 Bd8 26. Nf3 Bb6 27. Qe2 Ba6 28. Rd1 b4 29. axb4 Nxe4 30. Kg2 Nf2 31. c4 Nxd1 32. Qxd1 e4 33. dxe4 dxe4 34. Ng5 c5 35. Be3 h6 36. Nh3 cxb4 37. c5 Bxc5 38. Bxc5 Qxc5 39. Rc1 Qe5 0-1

[Event "Fredericia IM 2019"]
[Site "Fredericia"]
[Date "2019.05.30"]
[Round "3.5"]
[White "Olsen, Filip Boe"]
[Black "Antonsen, Mikkel"]
[Result "1/2-1/2"]
[ECO "D93"]
[WhiteElo "2394"]
[BlackElo "2423"]
[Annotator "ChessBase"]
[PlyCount "85"]
[EventDate "2019.05.29"]
[EventType "tourn"]
[EventCountry "DEN"]
[SourceTitle "playchess.com"]
[Source "ChessBase"]
[SourceQuality "1"]
[TimeControl "40/5400+30:1800+30"]

1. d4 Nf6 2. Nf3 g6 3. c4 Bg7 4. Nc3 d5 5. Bf4 O-O 6. e3 c5 7. dxc5 Ne4 8. Be5 Bxe5 9. Nxe5 Nxc3 10. bxc3 Qa5 11. Qb3 Nc6 12. Nxc6 bxc6 13. Qb4 Qc7 14. Be2 a5 15. Qb6 Qe5 16. O-O Ba6 17. Rfe1 Bxc4 18. Bxc4 dxc4 19. Red1 Qxc3 20. Qxc6 Rad8 21. Rdc1 Qe5 22. Qb5 c3 23. Qc4 Rd2 24. Rxc3 Rfd8 25. Rf1 Rxa2 26. c6 Ra4 27. c7 Rc8 28. Qc6 Rb4 29. Rd1 Kg7 30. g3 Rb6 31. Qc5 Qxc5 32. Rxc5 Rb7 33. Rd7 e6 34. Rc4 Rb4 35. Rc3 Rb7 36. e4 Kf6 37. Rc5 a4 38. e5+ Kg7 39. Rc3 a3 40. Rxa3 Rbxc7 41. Rxc7 Rxc7 42. Kg2 g5 43. g4 1/2-1/2

[Event "Fredericia IM 2019"]
[Site "Fredericia"]
[Date "2019.05.31"]
[Round "4.5"]
[White "Jacobsen, Mikkel Manosri"]
[Black "Antonsen, Mikkel"]
[Result "1-0"]
[ECO "D27"]
[WhiteElo "2319"]
[BlackElo "2423"]
[Annotator "RC"]
[PlyCount "49"]
[EventDate "2019.05.29"]
[EventType "tourn"]
[EventCountry "DEN"]
[SourceTitle "playchess.com"]
[Source "ChessBase"]
[SourceQuality "1"]
[TimeControl "40/5400+30:1800+30"]

1. d4 d5 2. c4 e6 3. Nf3 Nf6 4. e3 dxc4 5. Bxc4 c5 6. O-O a6 7. a4 Nc6 8. Qe2 cxd4 9. Rd1 Be7 10. exd4 O-O 11. Nc3 Nb4 12. Ne5 Nbd5 13. Rd3 Re8 14. Rg3 Bf8 15. Bg5 Qb6 16. Bxd5 Nxd5 17. Nxf7 Qxd4 18. Nh6+ Kh8 19. Nxd5 Qxd5 20. Rd1 Qc6 21. Nf7+ Kg8 22. Ne5 Qc7 23. Qh5 Re7 24. Bxe7 Qxe7 25. Rf3 1-0

[Event "Fredericia IM 2019"]
[Site "Fredericia"]
[Date "2019.05.31"]
[Round "5.1"]
[White "Olsen, Filip Boe"]
[Black "Vasli, Aref"]
[Result "0-1"]
[ECO "E71"]
[WhiteElo "2394"]
[BlackElo "2346"]
[Annotator "ChessBase"]
[PlyCount "70"]
[EventDate "2019.05.29"]
[EventType "tourn"]
[EventCountry "DEN"]
[SourceTitle "playchess.com"]
[Source "ChessBase"]
[SourceQuality "1"]
[TimeControl "40/5400+30:1800+30"]

1. d4 Nf6 2. c4 g6 3. Nc3 Bg7 4. e4 d6 5. h3 O-O 6. Be3 c5 7. Nf3 cxd4 8. Nxd4 b6 9. g3 Bb7 10. Bg2 Nbd7 11. O-O Ne8 12. Rc1 a6 13. Qd2 Rc8 14. b3 e6 15. Rfd1 Qc7 16. Nde2 Qb8 17. Na4 Bc6 18. Nac3 Qa8 19. Nd4 Bb7 20. Qe2 Nef6 21. f3 d5 22. cxd5 exd5 23. Nxd5 Nxd5 24. exd5 Bxd5 25. Nc2 Rfe8 26. Qf2 Ne5 27. f4 Bxg2 28. Qxg2 Nf3+ 29. Kf2 Bb2 30. Nb4 Bxc1 31. Bxc1 Qe4 32. Qxf3 Qxb4 33. Qd3 Qc5+ 34. Be3 Qc2+ 35. Kf3 Rxe3+ 0-1

[Event "Fredericia IM 2019"]
[Site "Fredericia"]
[Date "2019.05.31"]
[Round "5.2"]
[White "Sorensen, Hampus"]
[Black "Devereaux, Maxim L"]
[Result "1-0"]
[ECO "D30"]
[WhiteElo "2343"]
[BlackElo "2342"]
[Annotator "ChessBase"]
[PlyCount "133"]
[EventDate "2019.05.29"]
[EventType "tourn"]
[EventCountry "DEN"]
[SourceTitle "playchess.com"]
[Source "ChessBase"]
[SourceQuality "1"]
[TimeControl "40/5400+30:1800+30"]

1. d4 Nf6 2. c4 e6 3. Nf3 d5 4. Bg5 h6 5. Bxf6 Qxf6 6. g3 Bb4+ 7. Nbd2 c5 8. cxd5 exd5 9. a3 Bxd2+ 10. Qxd2 c4 11. Bg2 Nc6 12. O-O O-O 13. Rad1 Be6 14. Qc3 Rfd8 15. Ne5 Qe7 16. Rfe1 Nxe5 17. dxe5 b5 18. Qa5 Rab8 19. Rd4 f6 20. exf6 Qxf6 21. e3 Kh8 22. Red1 Rf8 23. R1d2 Qf5 24. Qc3 Qb1+ 25. Rd1 Qf5 26. Qe1 Qf6 27. h4 a5 28. Qe2 b4 29. axb4 axb4 30. Bxd5 Bxd5 31. Rxd5 c3 32. Rc5 Rbd8 33. Rxd8 Rxd8 34. bxc3 bxc3 35. Qc4 Qf8 36. Kg2 Qe8 37. Rc7 Qg6 38. Rc8 Rxc8 39. Qxc8+ Kh7 40. Qxc3 Qe4+ 41. f3 Qb1 42. Qd2 Kg8 43. e4 Qa1 44. f4 Qa4 45. Qe2 Qd4 46. Kh2 Kf8 47. e5 Ke7 48. Qf3 Qb2+ 49. Kh3 Qb1 50. f5 Qb2 51. f6+ gxf6 52. Qxf6+ Ke8 53. Qe6+ Kd8 54. Qd6+ Ke8 55. e6 Qf6 56. Qd7+ Kf8 57. e7+ Qxe7 58. Qxe7+ Kxe7 59. g4 Kf6 60. Kg3 Ke6 61. Kf3 Kf7 62. Ke2 Ke6 63. Kd3 Kd5 64. Ke3 Ke5 65. Kf3 Ke6 66. Ke4 Kf6 67. Kd5 1-0

[Event "Fredericia IM 2019"]
[Site "Fredericia"]
[Date "2019.05.31"]
[Round "5.3"]
[White "Pedersen, Nicolai Kvist Brondt"]
[Black "Jacobsen, Mikkel Manosri"]
[Result "0-1"]
[ECO "A05"]
[WhiteElo "2325"]
[BlackElo "2319"]
[Annotator "ChessBase"]
[PlyCount "116"]
[EventDate "2019.05.29"]
[EventType "tourn"]
[EventCountry "DEN"]
[SourceTitle "playchess.com"]
[Source "ChessBase"]
[SourceQuality "1"]
[TimeControl "40/5400+30:1800+30"]

1. Nf3 Nf6 2. c4 e6 3. d4 d5 4. g3 Bb4+ 5. Bd2 Be7 6. Bg2 O-O 7. O-O Nbd7 8. Qc2 Ne4 9. Nc3 Nxd2 10. Nxd2 c6 11. Rfd1 f5 12. e3 g5 13. Ne2 a5 14. Nf3 Bd6 15. a3 Qf6 16. Rab1 Rb8 17. Qa4 Nb6 18. Qxa5 Nxc4 19. Qc3 Bd7 20. a4 b5 21. b3 Na3 22. Rbc1 bxa4 23. Ne5 Bxe5 24. dxe5 Qe7 25. bxa4 Nc4 26. Rb1 c5 27. a5 Bc6 28. a6 Rxb1 29. Rxb1 Ra8 30. e4 fxe4 31. Bxe4 Qc7 32. f4 Rxa6 33. Bd3 Ra4 34. Qc1 Na3 35. Ra1 Qa7 36. Bb1 c4+ 37. Kf1 Qc5 38. f5 h6 39. Qb2 Rb4 40. Qd4 Qxd4 41. Nxd4 Rxb1+ 42. Rxb1 Nxb1 43. Nxc6 exf5 44. Ke2 Nc3+ 45. Ke3 Nb5 46. Ne7+ Kf7 47. Nxf5 h5 48. h4 gxh4 49. gxh4 Ke6 50. Ng7+ Kxe5 51. Nxh5 d4+ 52. Kd2 Nd6 53. Ng7 Ne4+ 54. Kd1 d3 55. h5 c3 56. h6 Nf2+ 57. Ke1 d2+ 58. Kxf2 d1=Q 0-1

[Event "Fredericia IM 2019"]
[Site "Fredericia"]
[Date "2019.05.31"]
[Round "5.4"]
[White "Easwaralingam, Adesh"]
[Black "Fries-Nielsen, Niels Jorgen"]
[Result "1/2-1/2"]
[ECO "C42"]
[WhiteElo "2123"]
[BlackElo "2328"]
[Annotator "ChessBase"]
[PlyCount "27"]
[EventDate "2019.05.29"]
[EventType "tourn"]
[EventCountry "DEN"]
[SourceTitle "playchess.com"]
[Source "ChessBase"]
[SourceQuality "1"]
[TimeControl "40/5400+30:1800+30"]

1. e4 e5 2. Nf3 Nf6 3. Nxe5 d6 4. Nf3 Nxe4 5. Nc3 Nf6 6. d4 d5 7. Bg5 c6 8. Be2 Be7 9. Bf4 Nh5 10. Bd2 Nf6 11. Bf4 Nh5 12. Bd2 Nf6 13. Bf4 Nh5 14. Bd2 1/2-1/2

[Event "Fredericia IM 2019"]
[Site "Fredericia"]
[Date "2019.05.31"]
[Round "5.5"]
[White "Antonsen, Mikkel"]
[Black "Ahlander, Bjorn"]
[Result "1/2-1/2"]
[ECO "E10"]
[WhiteElo "2423"]
[BlackElo "2421"]
[Annotator "ChessBase"]
[PlyCount "27"]
[EventDate "2019.05.29"]
[EventType "tourn"]
[EventCountry "DEN"]
[SourceTitle "playchess.com"]
[Source "ChessBase"]
[SourceQuality "1"]
[TimeControl "40/5400+30:1800+30"]

1. d4 Nf6 2. c4 e6 3. Nf3 d5 4. g3 Bb4+ 5. Bd2 Be7 6. Bg2 O-O 7. O-O Nbd7 8. Qc2 c6 9. Rd1 b6 10. Bf4 Nh5 11. Be3 Nhf6 12. Bf4 Nh5 13. Be3 Nhf6 14. Bf4 1/2-1/2

[Event "Fredericia IM 2019"]
[Site "Fredericia"]
[Date "2019.06.01"]
[Round "6.1"]
[White "Vasli, Aref"]
[Black "Antonsen, Mikkel"]
[Result "1/2-1/2"]
[ECO "B34"]
[WhiteElo "2346"]
[BlackElo "2423"]
[Annotator "ChessBase"]
[PlyCount "44"]
[EventDate "2019.05.29"]
[EventType "tourn"]
[EventCountry "DEN"]
[SourceTitle "playchess.com"]
[Source "ChessBase"]
[SourceQuality "1"]
[TimeControl "40/5400+30:1800+30"]

1. e4 c5 2. Nf3 Nc6 3. d4 cxd4 4. Nxd4 Nf6 5. Nc3 e5 6. Ndb5 d6 7. a4 a6 8. Na3 Bg4 9. Qd3 Be6 10. Bg5 Be7 11. Bxf6 Bxf6 12. Nd5 Bg5 13. Nc4 O-O 14. a5 f5 15. c3 fxe4 16. Qxe4 Bf5 17. Qf3 Kh8 18. Ncb6 Rb8 19. Be2 e4 20. Qg3 Bh4 21. Qe3 Bg5 22. Qg3 Bh4 1/2-1/2

[Event "Fredericia IM 2019"]
[Site "Fredericia"]
[Date "2019.06.01"]
[Round "6.2"]
[White "Fries-Nielsen, Niels Jorgen"]
[Black "Sorensen, Hampus"]
[Result "1/2-1/2"]
[ECO "C26"]
[WhiteElo "2328"]
[BlackElo "2343"]
[Annotator "ChessBase"]
[PlyCount "52"]
[EventDate "2019.05.29"]
[EventType "tourn"]
[EventCountry "DEN"]
[SourceTitle "playchess.com"]
[Source "ChessBase"]
[SourceQuality "1"]
[TimeControl "40/5400+30:1800+30"]

1. e4 e5 2. Nc3 Nf6 3. d3 Bc5 4. h3 Nc6 5. Nf3 d6 6. Na4 Bb6 7. Nxb6 axb6 8. c4 Ne7 9. g3 c5 10. Bg2 O-O 11. O-O Ng6 12. Bg5 h6 13. Bd2 Ne8 14. Nh2 Nc7 15. a4 Rb8 16. Qh5 Qe8 17. f4 exf4 18. gxf4 f5 19. Rae1 Qf7 20. e5 dxe5 21. fxe5 Be6 22. Rf3 Ne7 23. Qh4 Ng6 24. Qh5 Ne7 25. Qh4 Ng6 26. Qh5 Ne7 1/2-1/2

[Event "Fredericia IM 2019"]
[Site "Fredericia"]
[Date "2019.06.01"]
[Round "6.3"]
[White "Jacobsen, Mikkel Manosri"]
[Black "Ahlander, Bjorn"]
[Result "0-1"]
[ECO "A06"]
[WhiteElo "2319"]
[BlackElo "2421"]
[Annotator "ChessBase"]
[PlyCount "60"]
[EventDate "2019.05.29"]
[EventType "tourn"]
[EventCountry "DEN"]
[SourceTitle "playchess.com"]
[Source "ChessBase"]
[SourceQuality "1"]
[TimeControl "40/5400+30:1800+30"]

1. Nf3 d5 2. b3 c5 3. e3 e6 4. Bb2 Nf6 5. d4 Be7 6. Bd3 O-O 7. O-O b6 8. c4 cxd4 9. exd4 Bb7 10. Nbd2 Nc6 11. Qe2 Rc8 12. Rad1 Qc7 13. Ne5 dxc4 14. bxc4 Nxe5 15. dxe5 Nd7 16. f4 Nc5 17. Bc2 g6 18. Kh1 Rcd8 19. Ba1 Rd7 20. f5 exf5 21. Bxf5 gxf5 22. Rxf5 Ne6 23. Rdf1 Rxd2 24. Qxd2 Qxc4 25. Qf2 Bh4 26. Qb2 Qg4 27. Kg1 Be7 28. h3 Qg3 29. Rh5 Be4 30. Qe2 Qg6 0-1

[Event "Fredericia IM 2019"]
[Site "Fredericia"]
[Date "2019.06.01"]
[Round "6.4"]
[White "Pedersen, Nicolai Kvist Brondt"]
[Black "Easwaralingam, Adesh"]
[Result "0-1"]
[ECO "E11"]
[WhiteElo "2325"]
[BlackElo "2123"]
[Annotator "ChessBase"]
[PlyCount "102"]
[EventDate "2019.05.29"]
[EventType "tourn"]
[EventCountry "DEN"]
[SourceTitle "playchess.com"]
[Source "ChessBase"]
[SourceQuality "1"]
[TimeControl "40/5400+30:1800+30"]

1. d4 Nf6 2. Nf3 e6 3. c4 Bb4+ 4. Nbd2 b6 5. a3 Bxd2+ 6. Qxd2 Ba6 7. e3 d5 8. b3 Nbd7 9. Bd3 dxc4 10. bxc4 Bb7 11. Qe2 c5 12. O-O O-O 13. Bb2 cxd4 14. exd4 Re8 15. Rfd1 Nf8 16. Ne5 Ng6 17. Nxg6 hxg6 18. a4 Qc7 19. a5 bxa5 20. Qe5 Qc6 21. f3 a4 22. Bc3 Nd5 23. Bb2 Nf6 24. Rdb1 Nd7 25. Qa5 e5 26. dxe5 Qb6+ 27. Qxb6 axb6 28. f4 Nc5 29. Bc2 Red8 30. Bc3 Be4 31. Bxe4 Nxe4 32. Be1 Ra6 33. Ra3 Rd4 34. Rb4 Nc5 35. Kf1 Rxf4+ 36. Ke2 Re4+ 37. Kd1 Rxe5 38. Bf2 Ra8 39. Bxc5 bxc5 40. Rbxa4 Rd8+ 41. Kc2 Re2+ 42. Kc3 Rxg2 43. Ra8 Rf8 44. Ra2 Rg5 45. Kd3 Re5 46. R2a6 g5 47. R8a7 Rd8+ 48. Kc2 Re2+ 49. Kb3 Rd3+ 50. Ka4 Rb2 51. Ra5 Rb4# 0-1

[Event "Fredericia IM 2019"]
[Site "Fredericia"]
[Date "2019.06.01"]
[Round "6.5"]
[White "Devereaux, Maxim L"]
[Black "Olsen, Filip Boe"]
[Result "1/2-1/2"]
[ECO "B92"]
[WhiteElo "2342"]
[BlackElo "2394"]
[Annotator "ChessBase"]
[PlyCount "134"]
[EventDate "2019.05.29"]
[EventType "tourn"]
[EventCountry "DEN"]
[SourceTitle "playchess.com"]
[Source "ChessBase"]
[SourceQuality "1"]
[TimeControl "40/5400+30:1800+30"]

1. e4 c5 2. Nf3 d6 3. d4 cxd4 4. Nxd4 Nf6 5. Nc3 a6 6. Be2 e5 7. Nb3 Be7 8. O-O O-O 9. Re1 Be6 10. Bf3 Nbd7 11. Nd2 b5 12. a3 Rc8 13. Nf1 Nb6 14. Ne3 g6 15. Re2 Rc5 16. Bd2 Qc8 17. Be1 Rd8 18. Rd2 Nc4 19. Nxc4 Rxc4 20. Rd3 h5 21. b3 Rc5 22. a4 Qb7 23. axb5 axb5 24. Bd2 Rdc8 25. Ra2 Qc7 26. Qa1 b4 27. Ra7 Qd8 28. Nd1 Rxc2 29. Bxb4 Qb6 30. Qa3 Rb8 31. Ra8 Rcc8 32. Rxb8 Rxb8 33. Bxd6 Bxd6 34. Rxd6 Qxb3 35. Qxb3 Rxb3 36. h4 Kg7 37. Kh2 Bg4 38. Ne3 Rb2 39. Kg3 Be6 40. Ra6 Rb4 41. Kh2 Nxe4 42. Nc2 Rc4 43. Ne3 Rd4 44. Nc2 Nc5 45. Nxd4 Nxa6 46. Nxe6+ fxe6 47. g4 hxg4 48. Bxg4 Nc5 49. Kg3 Kf6 50. Kf3 Nb7 51. Kg3 Nd6 52. Bd1 Nf5+ 53. Kg4 e4 54. Ba4 e3 55. fxe3 Nxe3+ 56. Kf3 Nf5 57. Kg4 e5 58. Bc6 Nd6 59. Ba8 Nf7 60. Be4 Nh6+ 61. Kf3 Kg7 62. Ba8 Nf5 63. Kg4 Kh6 64. h5 Nd6 65. hxg6 Kxg6 66. Bc6 e4 67. Bxe4+ Nxe4 1/2-1/2

[Event "Fredericia IM 2019"]
[Site "Fredericia"]
[Date "2019.06.01"]
[Round "7.1"]
[White "Ahlander, Bjorn"]
[Black "Vasli, Aref"]
[Result "1-0"]
[ECO "D42"]
[WhiteElo "2421"]
[BlackElo "2346"]
[Annotator "ChessBase"]
[PlyCount "77"]
[EventDate "2019.05.29"]
[EventType "tourn"]
[EventCountry "DEN"]
[SourceTitle "playchess.com"]
[Source "ChessBase"]
[SourceQuality "1"]
[TimeControl "40/5400+30:1800+30"]

1. d4 Nf6 2. c4 e6 3. Nc3 c5 4. e3 d5 5. Nf3 Nc6 6. cxd5 Nxd5 7. Bd3 Nxc3 8. bxc3 Be7 9. O-O O-O 10. Qe2 b6 11. Rd1 Qc7 12. Bb2 Bb7 13. Rac1 Rfd8 14. Bb1 Rac8 15. h4 g6 16. c4 Na5 17. d5 exd5 18. cxd5 Rxd5 19. Rxd5 Bxd5 20. Ng5 h6 21. Nf3 Qc6 22. e4 Qe6 23. Ba1 Bb7 24. Qe3 Kh7 25. h5 Bf6 26. Bxf6 Qxf6 27. e5 Qe7 28. Rd1 Bxf3 29. Qxf3 Rc6 30. Qg4 Re6 31. f4 Kg7 32. Bf5 Nc4 33. Rd3 Nxe5 34. fxe5 Rxe5 35. hxg6 h5 36. Qxh5 Re1+ 37. Kf2 Ra1 38. Qh7+ Kf6 39. Qh4+ 1-0